TOP OF THE 1ST |
Savannah Hogs batting - Pitching for Nantucket Orcas : LHP Armando Fuentes
|
Pitching: LHP Armando Fuentes
|
|
Batting: RHB Miguel Martínez
|
0-0: Ball 1-0: Ground out 3-1 (Groundball, 34)
|
Batting: SHB David Bennett
|
0-0: Swinging Strike 0-1: DOUBLE (Line Drive, 7LM)
|
Batting: RHB Pedro Cuevas
|
0-0: Fly out, F8 (Flyball, 89D) Runner from 2nd tags up, SAFE at 3rd, no throw
|
Batting: RHB José Ramos
|
0-0: Called Strike 0-1: Swinging Strike 0-2: Strikes out swinging
|
Top of the 1st over - 0 runs, 1 hit, 0 errors, 1 left on base; Savannah 0 - Nantucket 0 |
BOTTOM OF THE 1ST |
Nantucket Orcas batting - Pitching for Savannah Hogs : RHP Juan Gómez
|
Pitching: RHP Juan Gómez
|
|
Batting: RHB Charlie Pérez
|
0-0: Foul Ball, location: 2F 0-1: Ball 1-1: Called Strike 1-2: Ball 2-2: Foul Ball, location: 2F 2-2: Ball 3-2: SOLO HOME RUN (Flyball, 7D), Distance : 380 ft
|
Batting: RHB Demetrio Inrouville
|
0-0: Swinging Strike 0-1: Foul Ball, location: 2F 0-2: Ball 1-2: Ball 2-2: Ball 3-2: Strikes out swinging
|
Batting: LHB Eugene Lee
|
0-0: Ball 1-0: SINGLE (Flyball, 89S)
|
Batting: SHB Cristián Salazar
|
0-0: Called Strike 0-1: Ball Wild Pitch! Eugene Lee to second 1-1: Ball 2-1: Ball 3-1: Called Strike 3-2: Fly out, F7 (Flyball, 7LSF)
|
Batting: RHB Juan Gómez
|
0-0: Fly out, F6 (Line Drive, 56)
|
Bottom of the 1st over - 1 run, 2 hits, 0 errors, 1 left on base; Savannah 0 - Nantucket 1 |
TOP OF THE 2ND |
Savannah Hogs batting - Pitching for Nantucket Orcas : LHP Armando Fuentes
|
Batting: SHB Ramón Minas
|
0-0: Called Strike 0-1: Ball 1-1: Ball 2-1: Foul Ball, location: 2F 2-2: Fly out, F7 (Flyball, 7)
|
Batting: SHB Juan Chávez
|
0-0: Called Strike 0-1: Foul Ball, location: 2F 0-2: Strikes out swinging
|
Batting: RHB Louis Miller
|
0-0: Ball 1-0: SINGLE (Line Drive, 6MD)
|
Batting: RHB Ramiro Villescaz
|
0-0: Ball 1-0: SINGLE (Line Drive, 8RS) Louis Miller to second
|
Batting: RHB Juan Morales
|
0-0: Fly out, F7 (Flyball, 7)
|
Top of the 2nd over - 0 runs, 2 hits, 0 errors, 2 left on base; Savannah 0 - Nantucket 1 |
BOTTOM OF THE 2ND |
Nantucket Orcas batting - Pitching for Savannah Hogs : RHP Juan Gómez
|
Batting: RHB Armando Hernández
|
0-0: Called Strike 0-1: Ball 1-1: Ball 2-1: Ball 3-1: Ground out 5-3 (Groundball, 56S)
|
Batting: RHB Curt O'Brian
|
0-0: Called Strike 0-1: Swinging Strike 0-2: Ball 1-2: Ball 2-2: Ground out 1-3 (Groundball, 15S)
|
Batting: RHB Norberto Navarro
|
0-0: Called Strike 0-1: Ball 1-1: Fly out, F8 (Line Drive, 8LD)
|
Bottom of the 2nd over - 0 runs, 0 hits, 0 errors, 0 left on base; Savannah 0 - Nantucket 1 |
TOP OF THE 3RD |
Savannah Hogs batting - Pitching for Nantucket Orcas : LHP Armando Fuentes
|
Batting: RHB Miguel Martínez
|
0-0: Called Strike 0-1: Ball 1-1: Foul Ball, location: 2F 1-2: Foul Ball, location: 2F 1-2: Ball 2-2: Strikes out swinging
|
Batting: SHB David Bennett
|
0-0: Ball 1-0: Called Strike 1-1: Called Strike 1-2: Fly out, F8 (Flyball, 8LM)
|
Batting: RHB Pedro Cuevas
|
0-0: Called Strike 0-1: Ground out U3 (Groundball, 34)
|
Top of the 3rd over - 0 runs, 0 hits, 0 errors, 0 left on base; Savannah 0 - Nantucket 1 |
BOTTOM OF THE 3RD |
Nantucket Orcas batting - Pitching for Savannah Hogs : RHP Juan Gómez
|
Batting: RHB Luis Cruz
|
0-0: Ground out 4-3 (Groundball, 4MS)
|
Batting: RHB Charlie Pérez
|
0-0: Ball 1-0: Foul Ball, location: 2F 1-1: SINGLE (Line Drive, 7LS)
|
Batting: RHB Demetrio Inrouville
|
0-0: Ball 1-0: Grounds into double play, 4-6-3 (Groundball, 4)
|
Bottom of the 3rd over - 0 runs, 1 hit, 0 errors, 0 left on base; Savannah 0 - Nantucket 1 |
TOP OF THE 4TH |
Savannah Hogs batting - Pitching for Nantucket Orcas : LHP Armando Fuentes
|
Batting: RHB José Ramos
|
0-0: Ball 1-0: Ball 2-0: Fly out, F9 (Flyball, 9D)
|
Batting: SHB Ramón Minas
|
0-0: Ball 1-0: Ball 2-0: Called Strike 2-1: Ground out 6-3 (Groundball, 6)
|
Batting: SHB Juan Chávez
|
0-0: Ball 1-0: Called Strike 1-1: Swinging Strike 1-2: Strikes out looking
|
Top of the 4th over - 0 runs, 0 hits, 0 errors, 0 left on base; Savannah 0 - Nantucket 1 |
BOTTOM OF THE 4TH |
Nantucket Orcas batting - Pitching for Savannah Hogs : RHP Juan Gómez
|
Batting: LHB Eugene Lee
|
0-0: Ball 1-0: Called Strike 1-1: Ball 2-1: Ball 3-1: Fly out, F6 (Popup, 15)
|
Batting: SHB Cristián Salazar
|
0-0: Ball 1-0: Ground out 4-3 (Groundball, 4)
|
Batting: RHB Juan Gómez
|
0-0: Ball 1-0: Fly out, F4 (Popup, 4S)
|
Bottom of the 4th over - 0 runs, 0 hits, 0 errors, 0 left on base; Savannah 0 - Nantucket 1 |
TOP OF THE 5TH |
Savannah Hogs batting - Pitching for Nantucket Orcas : LHP Armando Fuentes
|
Batting: RHB Louis Miller
|
0-0: Ball 1-0: Foul Ball, location: 2F 1-1: Ball 2-1: Foul Ball, location: 2F 2-2: SINGLE (Flyball, 7LS)
|
Batting: RHB Ramiro Villescaz
|
0-0: Called Strike 0-1: DOUBLE (Line Drive, 9LM) Louis Miller to third
|
Batting: RHB Juan Morales
|
0-0: Ball 1-0: Swinging Strike 1-1: Ball 2-1: Fly out, F7 (Flyball, 7LD) Runner from 3rd tags up, OUT at HOME Ramiro Villescaz to third
|
Batting: RHB Miguel Martínez
|
0-0: Called Strike 0-1: Ball 1-1: Swinging Strike 1-2: SINGLE (Groundball, 56) (infield hit) Ramiro Villescaz scores
|
Batting: SHB David Bennett
|
0-0: Ball 1-0: Called Strike 1-1: DOUBLE (Line Drive, 7LM) Miguel Martínez to third Runner from 3rd tries for Home, SAFE, no throw
|
Batting: RHB Pedro Cuevas
|
0-0: Called Strike 0-1: Foul Ball, location: 2F 0-2: Ball 1-2: Ball 2-2: Ball 3-2: Reached on error, E4 (Groundball, 34) David Bennett to third
|
Batting: RHB José Ramos
|
0-0: Called Strike 0-1: Foul Ball, location: 2F 0-2: Ball 1-2: Ball 2-2: Foul Ball, location: 2F 2-2: Strikes out swinging
|
Top of the 5th over - 2 runs, 4 hits, 1 error, 2 left on base; Savannah 2 - Nantucket 1 |
BOTTOM OF THE 5TH |
Nantucket Orcas batting - Pitching for Savannah Hogs : RHP Juan Gómez
|
Batting: RHB Armando Hernández
|
0-0: Ground out 6-3 (Groundball, 6)
|
Batting: RHB Curt O'Brian
|
0-0: Called Strike 0-1: Swinging Strike 0-2: Strikes out swinging
|
Batting: RHB Norberto Navarro
|
0-0: Ball 1-0: Ball 2-0: Foul Ball, location: 2F 2-1: Swinging Strike 2-2: Ground out 5-3 (Groundball, 56)
|
Bottom of the 5th over - 0 runs, 0 hits, 0 errors, 0 left on base; Savannah 2 - Nantucket 1 |
TOP OF THE 6TH |
Savannah Hogs batting - Pitching for Nantucket Orcas : LHP Armando Fuentes
|
Batting: SHB Ramón Minas
|
0-0: Ground out 6-3 (Groundball, 6)
|
Batting: SHB Juan Chávez
|
0-0: Called Strike 0-1: Foul Ball, location: 2F 0-2: Strikes out swinging
|
Batting: RHB Louis Miller
|
0-0: Ball 1-0: Called Strike 1-1: SINGLE (Flyball, 78M)
|
Pitching: RHP Gerard Pérez
|
|
Batting: RHB Ramiro Villescaz
|
0-0: Called Strike 0-1: Fly out, F8 (Flyball, 89S)
|
Top of the 6th over - 0 runs, 1 hit, 0 errors, 1 left on base; Savannah 2 - Nantucket 1 |
BOTTOM OF THE 6TH |
Nantucket Orcas batting - Pitching for Savannah Hogs : RHP Juan Gómez
|
Batting: RHB Luis Cruz
|
0-0: Ground out 6-3 (Groundball, 6)
|
Batting: RHB Charlie Pérez
|
0-0: Ball 1-0: Foul Ball, location: 2F 1-1: Ball 2-1: Foul Ball, location: 2F 2-2: Foul Ball, location: 2F 2-2: Ball 3-2: Foul Ball, location: 2F 3-2: Ground out 6-3 (Groundball, 6)
|
Batting: RHB Demetrio Inrouville
|
0-0: Swinging Strike 0-1: Foul Ball, location: 2F 0-2: Foul Ball, location: 2F 0-2: Fly out, F8 (Flyball, 8RM)
|
Bottom of the 6th over - 0 runs, 0 hits, 0 errors, 0 left on base; Savannah 2 - Nantucket 1 |
TOP OF THE 7TH |
Savannah Hogs batting - Pitching for Nantucket Orcas : RHP Gerard Pérez
|
Batting: RHB Juan Morales
|
0-0: Ball 1-0: Called Strike 1-1: SOLO HOME RUN (Flyball, 7LD), Distance : 351 ft
|
Batting: RHB Miguel Martínez
|
0-0: Ball 1-0: Ball 2-0: Called Strike 2-1: Ground out 1-3 (Groundball, 15)
|
Batting: SHB David Bennett
|
0-0: Called Strike 0-1: Ball 1-1: DOUBLE (Line Drive, 7LS)
|
Batting: RHB Pedro Cuevas
|
0-0: Foul Ball, location: 2F 0-1: Ball 1-1: Ball 2-1: Called Strike 2-2: Ball Wild Pitch! David Bennett to third 3-2: Strikes out looking
|
Batting: RHB José Ramos
|
0-0: Foul Ball, location: 2F 0-1: Swinging Strike 0-2: Ball 1-2: Foul Ball, location: 2F 1-2: Strikes out looking
|
Top of the 7th over - 1 run, 2 hits, 0 errors, 1 left on base; Savannah 3 - Nantucket 1 |
BOTTOM OF THE 7TH |
Nantucket Orcas batting - Pitching for Savannah Hogs : RHP Juan Gómez
|
Batting: LHB Eugene Lee
|
0-0: Ball 1-0: Called Strike 1-1: Foul Ball, location: 2F 1-2: Foul Ball, location: 2F 1-2: Strikes out swinging
|
Batting: SHB Cristián Salazar
|
0-0: Ball 1-0: Ball 2-0: Ball 3-0: Called Strike 3-1: Foul Ball, location: 2F 3-2: Foul Ball, location: 2F 3-2: Foul Ball, location: 2F 3-2: Base on Balls
|
Pitching: RHP Cristiano Cipolloni
|
|
Batting: RHB Juan Gómez
|
0-0: Called Strike Cristián Salazar is caught stealing 2nd base 0-1: Ball 1-1: Called Strike 1-2: DOUBLE (Line Drive, 9LS)
|
Batting: RHB Armando Hernández
|
0-0: Ball 1-0: Ball 2-0: Called Strike 2-1: Ball 3-1: Swinging Strike 3-2: Foul Ball, location: 2F 3-2: Foul Ball, location: 2F 3-2: Foul Ball, location: 2F 3-2: Strikes out swinging
|
Bottom of the 7th over - 0 runs, 1 hit, 0 errors, 1 left on base; Savannah 3 - Nantucket 1 |
TOP OF THE 8TH |
Savannah Hogs batting - Pitching for Nantucket Orcas : RHP Gerard Pérez
|
Batting: SHB Ramón Minas
|
0-0: Ball 1-0: Swinging Strike 1-1: Ball 2-1: Foul Ball, location: 2F 2-2: Fly out, F5 (Line Drive, 5L)
|
Batting: SHB Juan Chávez
|
0-0: Foul Ball, location: 2F 0-1: Called Strike 0-2: Foul Ball, location: 2F 0-2: Ball 1-2: Strikes out swinging
|
Batting: RHB Louis Miller
|
0-0: SINGLE (Groundball, 56D)
|
Batting: RHB Ramiro Villescaz
|
0-0: Fly out, F9 (Line Drive, 9D)
|
Top of the 8th over - 0 runs, 1 hit, 0 errors, 1 left on base; Savannah 3 - Nantucket 1 |
BOTTOM OF THE 8TH |
Nantucket Orcas batting - Pitching for Savannah Hogs : RHP Cristiano Cipolloni
|
Pitching: LHP Gilberto Jáquez
|
|
Batting: RHB Curt O'Brian
|
0-0: Called Strike 0-1: Called Strike 0-2: Ball 1-2: Ground out 3-1 (Groundball, 34)
|
Batting: RHB Norberto Navarro
|
0-0: Called Strike 0-1: Called Strike 0-2: Foul Ball, location: 2F 0-2: Ball 1-2: Ball 2-2: Foul Ball, location: 2F 2-2: SOLO HOME RUN (Flyball, 78XD), Distance : 406 ft
|
Batting: RHB Luis Cruz
|
0-0: Ball 1-0: Ball 2-0: Called Strike 2-1: Ball 3-1: Ground out 4-3 (Groundball, 4)
|
Batting: RHB Charlie Pérez
|
0-0: Ball 1-0: Called Strike 1-1: Fly out, F5 (Line Drive, 56)
|
Bottom of the 8th over - 1 run, 1 hit, 0 errors, 0 left on base; Savannah 3 - Nantucket 2 |
TOP OF THE 9TH |
Savannah Hogs batting - Pitching for Nantucket Orcas : RHP Gerard Pérez
|
Batting: RHB Juan Morales
|
0-0: Called Strike 0-1: Foul Ball, location: 2F 0-2: Ball 1-2: Ground out U3 (Groundball, 3L)
|
Batting: RHB Miguel Martínez
|
0-0: Called Strike 0-1: Ball 1-1: Ground out 6-3 (Groundball, 6)
|
Batting: SHB David Bennett
|
0-0: Called Strike 0-1: Foul Ball, location: 2F 0-2: Ball 1-2: Strikes out looking
|
Top of the 9th over - 0 runs, 0 hits, 0 errors, 0 left on base; Savannah 3 - Nantucket 2 |
BOTTOM OF THE 9TH |
Nantucket Orcas batting - Pitching for Savannah Hogs : LHP Gilberto Jáquez
|
Now at C: Wilson Ortíz
|
|
Batting: RHB Demetrio Inrouville
|
0-0: Ground out 4-3 (Groundball, 34)
|
Batting: LHB Eugene Lee
|
0-0: Called Strike 0-1: Ball 1-1: Foul Ball, location: 2F 1-2: Strikes out swinging
|
Pinch Hitting: LHB Steve Blankenship
|
0-0: Called Strike 0-1: Ball 1-1: SINGLE (Flyball, 9LS)
|
Pinch Runner at 1st Hunter Hudson:
|
|
Batting: RHB Juan Gómez
|
0-0: Ball 1-0: Called Strike 1-1: SINGLE (Flyball, 7LS) Hunter Hudson to second Runner from 2nd tries for 3rd, OUT!
|
Bottom of the 9th over - 0 runs, 2 hits, 0 errors, 1 left on base; Savannah 3 - Nantucket 2 |
|